 Dungeon Crawl Stone Soup version 0.26.1 (webtiles) character file.

Game seed: 1508852725956755062

7564 DasRunzen the Conjurer (level 10, -22/84 HPs)
             Began as a Demigod Conjurer on Feb 5, 2021.
             Annihilated by a white ugly thing (25 damage)
             ... in an ice cave.
             The game lasted 00:25:57 (9220 turns).

DasRunzen the Conjurer (Demigod Conjurer)           Turns: 9220, Time: 00:25:57

Health: -22/84     AC: 15    Str: 16    XL:     10   Next: 65%
Magic:  19/23      EV: 15    Int: 30    God:
Gold:   543        SH:  0    Dex: 14    Spells: 15/21 levels left

rFire    . . .     SeeInvis .   H - +4 long sword (protect)
rCold    . . .     Faith    .   (no shield)
rNeg     . . .     Spirit   .   b - +3 troll leather armour {Purgy}
rPois    .         Reflect  .   c - +2 helmet
rElec    .         Harm     .   e - +0 cloak
rCorr    .         Rampage  .   (no gloves)
Will     ++...                  q - +1 pair of boots
Stlth    ++........             t - amulet of magic regeneration
HPRegen  0.64/turn              f - +6 ring of intelligence
MPRegen  0.43/turn              p - ring of willpower

@: no status effects
A: claws 1, clever 1, high mp 1, sense surroundings 1
a: no special abilities


You were in an ice cave.
You visited 1 branch of the dungeon, and saw 11 of its levels.
You also visited: Sewer and Ice Cave.

You collected 543 gold pieces.

Inventory:

Hand Weapons
 h - a +4 battleaxe
 r - a +0 eveningstar
 v - the +11 shortbow "Opodghi" {vorpal, rC+ Dex+10 Stlth-, unknown}
   (You found it on level 9 of the Dungeon)

   Any arrow fired from it inflicts extra damage.
   It affects your dexterity (+10).
   It protects you from cold.
   It makes you less stealthy.
 y - a +0 trident of venom
 H - a +4 long sword of protection (weapon)
Armour
 b - a +3 troll leather armour (worn) {Purgy}
 c - a +2 helmet (worn)
 e - a +0 cloak (worn)
 q - a +1 pair of boots (worn)
 G - +1 acid dragon scales
Magical Staves
 l - an uncursed staff of cold
Jewellery
 f - a +6 ring of intelligence (left claw)
 p - a ring of willpower (right claw)
 t - an amulet of magic regeneration (around neck)
 z - an uncursed ring of resist corrosion
 A - an uncursed ring of protection from cold
 K - a cursed amulet of inaccuracy {unknown}
Wands
 i - a wand of flame (26)
 w - a wand of acid (17)
 D - a wand of enslavement (9)
 F - a wand of disintegration (12)
 I - a wand of random effects (14)
 J - a wand of polymorph (5)
Scrolls
 g - 11 scrolls of teleportation
 k - 2 scrolls of fear
 o - 3 scrolls of amnesia
 u - a scroll of enchant armour
 x - 2 scrolls of identify
 B - a scroll of magic mapping
 C - 4 scrolls of remove curse
Potions
 a - a potion of flight
 d - 2 potions of resistance
 j - 4 potions of might
 m - 2 potions of invisibility
 n - a potion of heal wounds
 s - a potion of cancellation
 E - a potion of haste


   Skills:
 + Level 6.3 Fighting
 + Level 6.5 Armour
 + Level 6.6 Dodging
 - Level 1.7 Stealth
 + Level 6.1 Spellcasting
 + Level 7.4 Conjurations
 + Level 5.4 Hexes


You had 15 spell levels left.
You knew the following spells:

 Your Spells              Type           Power        Failure   Level
a - Magic Dart            Conj           100%         1%          1
b - Searing Ray           Conj           100%         1%          2
c - Dazzling Flash        Conj/Hex       94%          1%          3

Your spell library contained the following spells:

 Spells                   Type           Power        Failure   Level
 Confusing Touch          Hex            41%          1%          3
 Fulminant Prism          Conj/Hex       23%          4%          4
 Iskenderun's Mystic Bla  Conj/Tloc      31%          13%         4
 Gell's Gravitas          Tloc           4%           19%         3
 Metabolic Englaciation   Hex/Ice        12%          50%         5
 Yara's Violent Unravell  Hex/Tmut       12%          50%         5
 Petrify                  Tmut/Erth      9%           52%         4


Dungeon Overview and Level Annotations

Branches:
Dungeon (11/15)            Temple (0/1) D:7             Orc (0/2) D:9
  Sewer (visited)           IceCv (1/1)
   Lair: D:8-11

Shops:
D:6 *   D:8 (

Annotations:
D:6 1 runed translucent door
D:8 1 runed translucent door, kutty's ghost, novice DrTm


Innate Abilities, Weirdness & Mutations

You have an increased reservoir of magic. (+10% MP)
You have sharp fingernails.
Your mind is acute. (Int +2)
You passively map a small area around you.


Message History

Aiming: Searing Ray (safe; 1% risk of failure)
Press: ? - help, Shift-Dir - straight line, f - white ugly thing
Aim: a white ugly thing (17% to evade)
The searing ray hits the white ugly thing!
The white ugly thing is moderately wounded. (Press . to maintain the ray.)
The white ugly thing claws you. The white ugly thing freezes you!!
The searing ray hits the white ugly thing!
The white ugly thing is heavily wounded.
The white ugly thing claws you. The white ugly thing freezes you!!
The searing ray hits the white ugly thing.
The white ugly thing is heavily wounded.
The white ugly thing claws you. The white ugly thing freezes you!!
* * * LOW HITPOINT WARNING * * *
The searing ray hits the white ugly thing!
The white ugly thing is severely wounded.
You finish channeling your searing ray.
The white ugly thing claws you.
* * * LOW HITPOINT WARNING * * *
The white ugly thing freezes you!!
You die...

,
##.......##
#.........#
#.........#
#.........#
......... ,
.....,
#####u#####
#.....@.)(#
#[.......$#
#........$#
#.........#
#.........#
##.......##
##.....##
###.###
##.....##


You could see a white ugly thing.

Vanquished Creatures
  A two-headed ogre (D:8)
  Maggie (D:8)
  A redback zombie (D:11)
  A troll (D:9)
  The ghost of glosham the Sneak, an amateur DEDe of Cheibriados (D:5)
  6 yaks (D:9)
  2 wyverns
  Grum (D:10)
  2 water moccasins
  7 ice beasts
  Purgy (Sewer)
  3 sky beasts
  An orc warrior (D:8)
  2 black bears
  A phantom (D:6)
  4 centaurs
  2 ogres
  4 wolves (D:9)
  3 big kobolds (D:9)
  8 bullfrogs
  A water moccasin zombie (D:8)
  A wyvern skeleton (D:7)
  2 scorpions
  3 killer bees
  A wight (D:11)
  2 howler monkeys
  A centaur zombie (D:5)
  A bullfrog zombie (D:7)
  4 jellies
  2 hounds
  3 bullfrog skeletons
  An orc priest (D:7)
  3 centaur skeletons
  3 iguanas
  8 orc wizards
  5 worker ants
  A hound zombie (D:7)
  15 adders
  A shadow imp (D:9)
  12 white imps (D:11)
  2 oozes
  An adder skeleton (D:8)
  4 worms
  7 leopard geckos
  31 orcs
  7 giant cockroaches
  7 goblins
  7 hobgoblins
  3 jackals (D:1)
  5 quokkas
  7 ball pythons
  7 bats
  7 frilled lizards
  22 kobolds
  A quokka skeleton (D:9)
  A quokka zombie (D:5)
  14 rats
255 creatures vanquished.

Notes
Turn   | Place    | Note
-------+----------+-------------------------------------------
     0 | D:1      | DasRunzen the Demigod Conjurer began the quest for the Orb.
     0 | D:1      | Reached XP level 1. HP: 14/14 MP: 5/5
   406 | D:1      | Reached XP level 2. HP: 3/22 MP: 5/7
   459 | D:1      | Learned a level 2 spell: Searing Ray
  1327 | D:2      | Reached skill level 1 in Fighting
  1430 | D:2      | Reached XP level 3. HP: 28/28 MP: 8/8
  1511 | D:2      | Reached skill level 1 in Armour
  1787 | D:2      | You fall into a shaft and drop 1 floor!
  2064 | D:3      | Reached XP level 4. HP: 35/35 MP: 10/10
  2129 | D:3      | Reached skill level 4 in Conjurations
  2687 | D:3      | Found a faded altar of an unknown god.
  2803 | D:3      | Gained mutation: Your mind is acute. (Int +2) [potion of
                  | mutation]
  2803 | D:3      | Gained mutation: You have sharp fingernails. [potion of
                  | mutation]
  2803 | D:3      | Gained mutation: You passively map a small area around you.
                  | [potion of mutation]
  2816 | D:4      | Found a radiant altar of Vehumet.
  3055 | D:4      | Reached XP level 5. HP: 34/41 MP: 3/11
  3064 | D:4      | Found a glowing drain.
  3080 | Sewer    | Entered a sewer
  3163 | Sewer    | Noticed Purgy
  3175 | Sewer    | Killed Purgy
  3838 | D:5      | Entered Level 5 of the Dungeon
  3843 | D:5      | Reached XP level 6. HP: 43/49 MP: 13/13
  4089 | D:5      | Found a runed translucent door.
  4090 | D:5      | Noticed glosham's ghost (amateur DEDe)
  4385 | D:5      | Reached XP level 7. HP: 57/57 MP: 10/15
  4432 | D:5      | Learned a level 3 spell: Dazzling Flash
  4551 | D:5      | Reached skill level 5 in Conjurations
  4570 | D:5      | Killed glosham's ghost
  4571 | D:5      | Reached skill level 1 in Hexes
  4695 | D:6      | Found Guwel's Elemental Accessories.
  4803 | D:6      | Reached XP level 8. HP: 31/66 MP: 15/17
  5086 | D:6      | Found a runed translucent door.
  5086 | D:6      | Noticed an angel
  5087 | D:6      | Found a white marble altar of Elyvilon.
  5835 | D:7      | Found a staircase to the Ecumenical Temple.
  6532 | D:8      | Noticed a two-headed ogre
  6541 | D:8      | Reached skill level 5 in Dodging
  6541 | D:8      | Reached XP level 9. HP: 70/72 MP: 19/19
  6549 | D:8      | Reached skill level 6 in Conjurations
  6552 | D:8      | Killed a two-headed ogre
  6553 | D:8      | Reached skill level 5 in Fighting
  6553 | D:8      | Reached skill level 5 in Armour
  6553 | D:8      | Reached skill level 5 in Spellcasting
  6710 | D:8      | Found a runed translucent door.
  6715 | D:8      | Noticed a cyclops
  6715 | D:8      | Noticed kutty's ghost (novice DrTm)
  6841 | D:8      | Found Guokkuch's Antique Weapon Emporium.
  6953 | D:8      | Found an opulent altar of Gozag.
  7127 | D:8      | Found a white marble altar of Elyvilon.
  7130 | D:8      | Noticed Maggie
  7139 | D:8      | Killed Maggie
  7820 | D:9      | Got a jewelled shortbow
  8015 | D:9      | Reached XP level 10. HP: 28/82 MP: 19/22
  8380 | D:9      | Found a staircase to the Orcish Mines.
  8515 | D:10     | Entered Level 10 of the Dungeon
  8576 | D:10     | Noticed Grum
  8700 | D:9      | Reached skill level 7 in Conjurations
  8798 | D:9      | Reached skill level 5 in Hexes
  8827 | D:10     | Killed Grum
  8993 | D:10     | You fall into a shaft and drop 1 floor!
  8998 | D:11     | Noticed a green ugly thing
  9002 | D:11     | Found a frozen archway.
  9051 | IceCv    | Entered an ice cave
  9212 | IceCv    | Noticed a white ugly thing
  9219 | IceCv    | HP: 3/84 [white ugly thing (28)]
  9220 | IceCv    | Annihilated by a white ugly thing

Illustrated notes

Levels and vault maps discovered:
D:1:      dpeg_arrival_round_c, layout_loops_cross
D:2:      layout_loops_ring, grunt_decor_arrowhead, nrook_mini_vaults,
          uniq_robin
D:3:      layout_loops_ring, chequers_ecumenical_altar_twisty, feat_on_display
D:4:      layout_cave_pools, lemuel_crystal_altar, gup_sewer_entry_bubbles
D:5:      layout_rooms, ebering_ghost_sewer_d
D:6:      layout_gridville, nicolae_elemental_shop, lemuel_angel_altar
D:7:      layout_loops_cross, minmay_temple_entry_proselytizer, nrook_campfire,
          grunt_ministairs_8, minmay_misc_feat_ornament, hex_large,
          minmay_crystal_water
D:8:      layout_loops_cross, ebering_ghost_inner_flame, basic_altar,
          serial_shops, nicolae_shop_trees, minmay_holes,
          nicolae_gozag_seed_capital, uniq_maggie
D:9:      layout_loops_corners, orc_0_dummy
D:10:     layout_grid_maze, dpeg_oklobed_lair, xom_shifter_show, uniq_grum
D:11:     layout_big_octagon, portal_ice_cave_entry_imps
IceCv:    ice_cave_statue_garden_chambered

Skill      XL: |  1  2  3  4  5  6  7  8  9 10 |
---------------+-------------------------------+-----
Dodging        | 2 3 4 5 6 |  6.6
Spellcasting   | 2 3 4 5 6 |  6.1
Fighting       | 1 2 3 4 5 6 |  6.3
Armour         | 1 2 3 4 5 6 |  6.5
Conjurations   | 4 5 6 7 |  7.4
Hexes          | 1 3 4 5 |  5.4
Stealth        | |  1.7

Action                   |  1- 3 |  4- 6 |  7- 9 | 10-12 || total
-------------------------+-------+-------+-------+-------++-------
Melee: Spear             |   148 |   180 |    55 |       ||   383
       Eveningstar       |       |       |    10 |       ||    10
       Trident           |       |       |   289 |       ||   289
       Long sword        |       |       |    82 |   159 ||   241
 Cast: Magic Dart        |    18 |     8 |       |       ||    26
       Searing Ray       |     4 |    14 |    14 |     9 ||    41
       Dazzling Flash    |       |       |     1 |       ||     1
  Use: Scroll            |     1 |    12 |     6 |     2 ||    21
       Potion            |       |     3 |     1 |     1 ||     5
 Stab: Sleeping          |     8 |     7 |     6 |       ||    21
       Distracted        |       |     1 |       |       ||     1
       Invisible         |       |       |     1 |       ||     1
Armor: Robe              |    44 |    33 |       |       ||    77
       Troll leather arm |       |    21 |   203 |   206 ||   430
Dodge: Dodged            |    86 |   115 |   388 |   374 ||   963
       Rpst.: Long sword |       |       |    18 |   119 ||   137
